Nobbs, chaotic male elven Wizard ----- |...| ------- ---- ------ |...| .-.... |..| -...| +.... |.... |.. |...| |..<| | ---- -----....----|--+-----...| ##....| |................().............| # ----- | -|-----+--....u%)---|---|--...| ### |....f@(|....|...|...|# # |.....[.|....|%%%|...-##### | ---- -----.......|.._.|%%%|...|# |.............{....|=*..|%%%|...| | -------+-------.----------|...| |(((.|)+ |((..-...| |((..-.| |(.(.|...| |(((.|.| |(((.|...| | ---------------.-----------...| |...............................| --------------------------------- Nobbs the Thaumaturge Experience level: 6 Strength: 11 Dexterity: 10 Constitution: 16 Intelligence: 20 Wisdom: 13 Charisma: 11 Health: 0(46) Energy: 17(55) Def: 1 Gold: 1140 Moves: 3451 Dungeon seed: V8e7wa0AlsjNMf-1 Game ID: Nobbs_1509445903 Your Inventory: Coins $ - 1140 gold pieces Weapons a - a blessed +1 quarterstaff (weapon in hands) x - a +0 dagger O - a +0 silver dagger Armor e - an uncursed +0 cloak of magic resistance (being worn) Comestibles r - 2 uncursed slime molds w - 2 uncursed tripe rations B - 2 uncursed food rations D - an uncursed banana Scrolls i - an uncursed scroll of magic mapping j - 2 blessed scrolls of teleportation k - an uncursed scroll of light n - a cursed scroll of confuse monster p - an uncursed scroll of enchant armor t - a cursed scroll of magic mapping y - a cursed scroll of genocide z - a cursed scroll of remove curse E - an uncursed scroll of fire H - a cursed scroll of enchant weapon P - an uncursed scroll of earth R - 2 cursed scrolls of create monster S - an uncursed scroll of destroy armor T - a cursed scroll of stinking cloud U - a cursed scroll of blank paper Spellbooks l - a blessed spellbook of force bolt m - an uncursed spellbook of identify o - an uncursed spellbook of magic missile C - an uncursed spellbook of clairvoyance J - a cursed spellbook of protection W - a cursed spellbook of knock X - a cursed spellbook of levitation Z - an uncursed spellbook of cure sickness Potions f - an uncursed potion of extra healing g - a blessed potion of sickness h - an uncursed potion of confusion s - an uncursed potion of sickness F - a blessed potion of healing I - 2 uncursed potions of fruit juice M - an uncursed potion of paralysis Rings c - an uncursed ring of conflict d - an uncursed ring of slow digestion (on left hand) v - an uncursed ring of free action G - an uncursed ring of fire resistance Wands b - a wand of digging (0:6) q - a cursed wand of secret door detection (0:13) u - a wand of make invisible (0:7) K - a wand of undead turning (0:6) V - a cursed wand of locking (0:6) Y - a cursed wand of locking (0:6) Tools L - 5 uncursed tallow candles (0:200) N - an uncursed wax candle (0:400) Q - a cursed magic lamp Spells and supernatural/magical abilities: Name Level Category Fail Memory a - force bolt 1 attack 0% 83% m - magic missile 2 attack 0% 100% v - clairvoyance 3 divination 63% 88% I - identify 3 divination 63% 83% K - cure sickness 3 healing 63% 100% W - pray for help -- divine ? -- Your skills at the end: Fighting Skills Weapon Skills quarterstaff [Basic] Spellcasting Skills attack spells [Basic] enchantment spells [Basic] Final Attributes: You were fervently aligned. You were sleep resistant. You were magic-protected. You had infravision. You had slower digestion. You are dead. Vanquished creatures: a ghost a watchman 2 gnome kings 2 human zombies an imp a yellow light a violet fungus 4 gnome lords 2 gnomish wizards a baby crocodile 2 giant ants a floating eye 4 dwarves a rothe 2 orc zombies 2 iguanas an acid blob 3 hobbits 2 large kobolds a hobgoblin 2 giant rats 17 gnomes a gnome zombie 3 geckos 3 jackals 3 goblins 4 sewer rats 9 grid bugs 5 bats 4 lichens 2 kobold zombies 3 newts 91 creatures vanquished. Voluntary challenges: You had been an atheist until turn 3075. You used a wielded weapon 38 times, starting on turn 58. You read items or engraved 19 times, starting on turn 997. You never genocided any monsters. You never polymorphed an object. You never changed form. You used no wishes. You never split a pudding. You wrote Elbereth's name 3 times, starting on turn 2265. You violated your moral code, losing 16 points of alignment, starting on turn 3340. Dungeon overview: The Dungeons of Doom: levels 1 to 6 Level 1 a long staircase Level 2 some fountains stairs to The Gnomish Mines Level 3 a general store Level 4 a fountain Level 5 an altar to Anhur Level 6 a fountain The Gnomish Mines: levels 3 to 5 Level 3 stairs to The Dungeons of Doom Level 4 Level 5 <- You were here some shops, a temple to Ptah, some fountains History has recorded: On T:1 you entered the Dungeons of Doom to retrieve the Amulet of Yendor! On T:243 you reached level 2 of The Dungeons of Doom. On T:302 you reached level 1 of The Gnomish Mines. On T:553 you reached level 3 of The Dungeons of Doom. On T:589 you advanced to experience level 2. On T:737 you reached level 4 of The Dungeons of Doom. On T:1129 you advanced to experience level 3. On T:1277 you reached level 5 of The Dungeons of Doom. On T:1598 you advanced to experience level 4. On T:1736 you reached level 6 of The Dungeons of Doom. On T:2148 you reached level 2 of The Gnomish Mines. On T:2154 you advanced to experience level 5. On T:2521 you advanced to experience level 6. On T:2666 you reached level 3 of The Gnomish Mines. Score breakdown: Gold: 1140 (10399 points) Experience: 6 levels (12456 points) Exploration: 6 levels ( 11.54%) ( 9393 points) Discoveries: 10 items ( 3.62%) ( 5710 points) Valuables value: (no points given unless you survive) Artifact value: 0 ( 0 points) Variety of kills: 32 monsters ( 8.40%) ( 8694 points) Turncount: 3451 turns ( -806 points) Survival: died (score multiplied by 80%) Total score: 36676 Latest messages: The housecat bites the gecko. The gecko misses the housecat. You miss the gecko. The gecko bites! The housecat misses the gecko. The housecat bites the gecko. The gecko is killed! There are a few objects here. You see here a human corpse. There are a few objects here. There is a fountain here. You see here 6 tallow candles. You see here a pair of hard shoes. The white unicorn butts! The white unicorn kicks! The white unicorn butts! The white unicorn kicks! The white unicorn butts! The white unicorn kicks! The white unicorn butts! The white unicorn kicks! You die... Final status: Goodbye Nobbs the Wizard, killed by a white unicorn... You died in The Gnomish Mines on dungeon level 5 with 36676 points, and 1140 pieces of gold, after 3451 moves. You were level 6 with a maximum of 46 hit points when you died.